 Dungeon Crawl Stone Soup version 0.28-a0-1629-gf728b707aa (webtiles) character file.

Game seed: 9126493233567710318

532 fragbeetle the Chiller (level 7, -1/52 HPs)
             Began as a Merfolk Ice Elementalist on Jan 24, 2022.
             Slain by a phantom (5 damage)
             ... on level 4 of the Dungeon.
             The game lasted 00:11:14 (5284 turns).

fragbeetle the Chiller (Merfolk Ice Elementalist)   Turns: 5284, Time: 00:11:14

Health: -1/52      AC:  3    Str:  9    XL:     7   Next: 24%
Magic:  10/10      EV: 14    Int: 14    God:
Gold:   127        SH:  0    Dex: 16    Spells: 1/10 levels left

rFire   . . .      SeeInvis .   i - +0 spear
rCold   . . .      Faith    .   (no shield)
rNeg    + . .      Spirit   .   a - +0 robe
rPois   .          Reflect  .   (no helmet)
rElec   .          Harm     .   (no cloak)
rCorr   .          Rampage  .   y - +0 pair of gloves
Will    +....                   (no boots)
Stlth   ++........              (no amulet)
HPRegen 0.17/turn               k - ring of positive energy
MPRegen 0.12/turn               m - ring of willpower

@: no status effects
A: (nimble swimmer 2), mertail
a: no special abilities


You were on level 4 of the Dungeon.
You visited 1 branch of the dungeon, and saw 4 of its levels.
You also visited: Sewer.

You collected 127 gold pieces.

Inventory:

Hand Weapons
 i - a +0 spear (weapon)
Missiles
 e - 6 javelins (quivered)
 s - a boomerang
 u - a throwing net
Armour
 a - a +0 robe (worn)
 l - a +3 ring mail
 n - a +2 pair of gloves
 p - a +3 plate armour of cold resistance
 y - a +0 pair of gloves (worn)
Jewellery
 k - a ring of positive energy (left hand)
 m - a ring of willpower (right hand)
Scrolls
 d - 3 scrolls of immolation {unknown}
 f - a scroll of enchant armour {unknown}
 g - 2 scrolls of enchant weapon {unknown}
 h - 3 scrolls of identify {unknown}
 o - a scroll of amnesia {unknown}
 q - 2 scrolls of blinking
 v - a scroll of fog {unknown}
 x - a scroll of vulnerability {unknown}
Potions
 b - a potion of lignification {unknown}
 c - 2 potions of curing
 j - a potion of magic {unknown}
 r - 2 potions of haste {unknown}
 t - a potion of resistance {unknown}
 w - 2 potions of mutation {unknown}


   Skills:
 + Level 3.0 Fighting
 * Level 5.0 Polearms
 + Level 4.8 Dodging
 - Level 2.1 Stealth
 - Level 2.0 Spellcasting
 * Level 1.0 Translocations
 * Level 6.6 Ice Magic


You had one spell level left.
You knew the following spells:

 Your Spells              Type           Power      Damage    Failure   Level
a - Freeze                Ice            76%        1d9       1%          1
b - Frozen Ramparts       Ice            38%        1d5       4%          3
c - Ozocubu's Armour      Ice            19%        N/A       4%          3
d - Blink                 Tloc           8%         N/A       24%         2

Your spell library contained the following spells:

 Spells                   Type           Power      Damage    Failure   Level
 Corpse Rot               Necr/Air       2%         N/A       34%         2
 Sublimation of Blood     Necr           1%         N/A       34%         2
 Lesser Beckoning         Tloc           4%         N/A       43%         3
 Hailstorm                Conj/Ice       10%        3d5       52%         4
 Dazzling Flash           Conj/Hex       2%         N/A       56%         3
 Manifold Assault         Tloc           4%         N/A       99%         5
 Agony                    Necr           1%         N/A       100%        5
 Silence                  Hex/Air        0%         N/A       100%        5
 Death Channel            Necr           0%         N/A       100%        6


Dungeon Overview and Level Annotations

Branches:
Dungeon (4/15)              Sewer (visited)
 Temple: D:4-7

Altars:


Innate Abilities, Weirdness & Mutations

((You are very nimble when in or above water. (Stealth+, EV+, Speed+++)))
Your lower body shifts to a powerful aquatic tail in water.


Message History

You hit the phantom.
The phantom is moderately damaged.
The phantom hits you.
The phantom blinks!
You blink.
The phantom hits you.
You closely miss the phantom.
The phantom is moderately damaged.
The phantom misses you.
You hit the phantom but do no damage.
The phantom is moderately damaged.
The phantom hits you!
* * * LOW HITPOINT WARNING * * *
The phantom blinks!
You blink.
You hit the phantom.
The phantom is moderately damaged.
The phantom hits you.
* * * LOW HITPOINT WARNING * * *
You closely miss the phantom. You punch the phantom.
The phantom is heavily damaged.
The phantom hits you.
* * * LOW HITPOINT WARNING * * *
You see here 14 gold pieces.
The phantom hits you.
* * * LOW HITPOINT WARNING * * *
You closely miss the phantom. Your punch misses the phantom.
The phantom is heavily damaged.
The phantom completely misses you.
You hit the phantom.
The phantom is heavily damaged.
The phantom hits you.
* * * LOW HITPOINT WARNING * * *
The phantom blinks!
You blink.
The phantom closely misses you.
You hit the phantom but do no damage.
The phantom is heavily damaged.
The phantom hits you but does no damage.
Okay, then.
You barely miss the phantom.
The phantom is heavily damaged.
The phantom hits you.
You die...

...###..##
##.#
...##..##
#.#
......##
#$#
......##
##.#
####...#
#ยงยง# #
##..##
##..#
##..#
##..##
#..# #W..#
###..#
#@..#
####....#
##..#
........#
##..#
..#######
##..# ###
#..# #
#### #..#
# ###..##
#..# #
#.....#
#.# ##
#.....#


You could see a phantom.

Vanquished Creatures
  An ogre (D:4)
  2 bullfrogs (Sewer)
  An orc priest (D:4)
  A gnoll shaman (D:4)
  A centaur skeleton (D:4)
  An iguana (D:4)
  5 gnolls (D:4)
  5 adders
  3 worms
  4 dart slugs
  4 orcs (D:4)
  9 ball pythons
  5 endoplasms
  11 giant cockroaches
  7 goblins
  7 hobgoblins
  7 quokkas
  17 frilled lizards
  5 kobolds
  6 rats
102 creatures vanquished.

Notes
Turn   | Place    | Note
-------+----------+-------------------------------------------
     0 | D:1      | fragbeetle the Merfolk Ice Elementalist began the quest for
                  | the Orb.
     0 | D:1      | Reached XP level 1. HP: 13/13 MP: 3/3
   308 | D:1      | Reached XP level 2. HP: 20/20 MP: 3/5
   743 | D:1      | Reached skill level 1 in Fighting
   848 | D:1      | Reached XP level 3. HP: 26/26 MP: 3/6
   852 | D:1      | Learned a level 3 spell: Frozen Ramparts
   990 | D:1      | Found a faded altar of an unknown god.
  1016 | D:1      | Reached skill level 5 in Ice Magic
  2221 | D:2      | Reached skill level 1 in Polearms
  2567 | D:2      | Reached XP level 4. HP: 22/32 MP: 3/7
  2998 | D:3      | Learned a level 3 spell: Ozocubu's Armour
  3064 | D:3      | Found a glowing drain.
  3110 | Sewer    | Entered a sewer
  3165 | Sewer    | Noticed a bullfrog
  3355 | Sewer    | Reached XP level 5. HP: 36/38 MP: 0/8
  3534 | Sewer    | Reached skill level 6 in Ice Magic
  3534 | Sewer    | Reached XP level 6. HP: 14/46 MP: 2/9
  3780 | Sewer    | Got the Disquisition on Doomed Flight
  3935 | D:3      | Noticed an ice beast
  4524 | D:4      | Learned a level 2 spell: Blink
  4552 | D:4      | Reached XP level 7. HP: 47/51 MP: 1/10
  4908 | D:4      | Reached skill level 5 in Polearms
  4908 | D:4      | Reached skill level 1 in Translocations
  5284 | D:4      | Slain by a phantom

Illustrated notes

Levels and vault maps discovered:
D:1:      lightli_arrival_lavapool, layout_loops_ring,
          shapermc_ecumenical_altar_totnotflames
D:2:      layout_loops_corners
D:3:      layout_loops_ring, portal_sewer_entry_f, minmay_door_square
D:4:      layout_layer_cave, dk_noncrumbling_3, minmay_misc_feat_doors,
          minmay_bisected, uniq_crazy_yiuf_cottage

Skill      XL: |  1  2  3  4  5  6  7 |
---------------+----------------------+-----
Dodging        | 3 4 |  4.8
Fighting       | 1 2 3 |  3.0
Ice Magic      | 5 6 |  6.6
Polearms       | 1 2 3 4 5 |  5.0
Translocations | 1 |  1.0
Stealth        | |  2.1
Spellcasting   | |  2.0

Action                   |  1- 3 |  4- 6 |  7- 9 || total
-------------------------+-------+-------+-------++-------
Melee: Unarmed           |    19 |       |       ||    19
       Dagger            |    37 |       |       ||    37
       Spear             |    14 |   172 |    50 ||   236
       Tailslap          |       |    22 |       ||    22
       Punch             |       |     3 |     1 ||     4
Throw: Javelin           |       |     1 |     5 ||     6
 Cast: Freeze            |    46 |    16 |     3 ||    65
       Frozen Ramparts   |       |     6 |     8 ||    14
       Ozocubu's Armour  |       |     4 |     5 ||     9
  Use: Potion            |       |     2 |       ||     2
 Stab: Sleeping          |     5 |     4 |       ||     9
Armor: Robe              |    13 |    58 |     8 ||    79
Dodge: Dodged            |    54 |   149 |    24 ||   227

Table legend: (Time is in decaauts)
 A = Elapsed time spent in this place.
 B = Non-inter-level travel time spent in this place.
 C = Inter-level travel time spent in this place.
 D = Time resting spent in this place.
 E = Time spent auto-exploring this place.
 F = Levels seen in this place.
 G = Mean time per level.
                   A        B        C        D        E       F      G
               +--------+--------+--------+--------+--------+-----+--------+
         Total |   5186 |   5107 |     79 |    273 |   3580 |   5 | 1037.2 |
       Dungeon |   4581 |   4502 |     79 |    187 |   3364 |   4 | 1145.2 |
         Sewer |    604 |    604 |      0 |     86 |    215 |   1 |  604.0 |
               +--------+--------+--------+--------+--------+-----+--------+

Top non-repeatable levels by time:
     D:1: 1625 daAuts
     D:2: 1282 daAuts
     D:4: 907 daAuts
     D:3: 766 daAuts
   Sewer: 604 daAuts
